 Dungeon Crawl Stone Soup version 0.17-a0-1446-gc28613e (webtiles) character file.

2058 Kisielow the Infuser (level 9, -1/47 HPs)
             Began as a Deep Elf Conjurer on June 27, 2015.
             Slain by an orc warrior
             ... wielding a +0 glaive
              (15 damage)
             ... on level 6 of the Dungeon.
             The game lasted 00:24:20 (7221 turns).

Kisielow the Infuser (Deep Elf Conjurer)            Turns: 7221, Time: 00:24:20

Health: -1/47      AC:  3    Str: 10    XL:     9   Next: 5%
Magic:  0/16       EV: 13    Int: 22    God:
Gold:   219        SH:  0    Dex: 15    Spells: 3 memorised, 7 levels left

rFire  . . .     SeeInvis .     m - +0 short sword (venom)
rCold  + . .     Clarity  +     a - +1 robe "Nubainu" {rC+ Str+3 Stlth+}
rNeg   . . .     SustAt   .     (no shield)
rPois  .         Gourm    .     (no helmet)
rElec  .         Spirit   .     (no cloak)
rCorr  .         Warding  .     (no gloves)
rMut   .         Stasis   .     (no boots)
MR     .....                    (no amulet)
Stlth  +++.......               (no ring)
                                (no ring)

@: not resistant to hostile enchantments, fairly stealthy
A: clarity, screaming 1, spit poison 2, evolution 1
a: Spit Poison


You were on level 6 of the Dungeon.
You were hungry.

You visited 1 branch of the dungeon, and saw 6 of its levels.
You also visited: Ossuary.

You collected 219 gold pieces.

Inventory:

Hand weapons
 m - a +0 short sword of venom (weapon)
Armour
 a - the +1 robe "Nubainu" (worn) {rC+ Str+3 Stlth+}
   (You found it on level 6 of the Dungeon)

   It affects your strength (+3).
   It protects you from cold.
   It makes you more stealthy.
 p - a +2 robe of cold resistance
Scrolls
 d - 2 scrolls of enchant weapon
 l - 2 scrolls of teleportation
Potions
 e - 2 potions of heal wounds
 f - 3 potions of curing
 g - a potion of lignification
 j - a potion of resistance
 o - a potion of brilliance
 q - 3 potions of flight
 r - 2 potions of cancellation
 s - 2 potions of magic
 u - 2 potions of cure mutation
Books
 b - a book of Conjurations

   Spells                             Type                      Level
   a - Magic Dart                     Conjuration                  1
   b - Searing Ray                    Conjuration                  2
   c - Dazzling Spray                 Conjuration/Hexes            3
   d - Fulminant Prism                Conjuration/Hexes            4
   e - Iskenderun's Mystic Blast      Conjuration                  4
   f - Iskenderun's Battlesphere      Conjuration/Charms           5
Comestibles
 c - 3 bread rations
 h - 2 chunks of flesh
 i - a meat ration


   Skills:
 + Level 1.0 Fighting
 + Level 3.1 Dodging
 - Level 2.4 Stealth
 + Level 3.5 Spellcasting
 * Level 10.0 Conjurations
 - Level 11.3 Charms


You had 7 spell levels left.
You knew the following spells:

 Your Spells              Type           Power        Failure   Level  Hunger
a - Magic Dart            Conj           ####         1%          1    None
q - Iskenderun's Battles  Conj/Chrm      ######..     4%          5    ######.
s - Searing Ray           Conj           #####.       1%          2    ##.....


Dungeon Overview and Level Annotations

Branches:
Dungeon (6/15)
 Temple: D:4-7

Altars:
Elyvilon
Kikubaaqudgha
Makhleb
Nemelex Xobeh
Okawaru
Ru
The Shining One

Shops:
D:4 (   D:5 :


Innate Abilities, Weirdness & Mutations

You possess an exceptional clarity of mind.
You occasionally shout uncontrollably at your foes.
You can spit poison.
You evolve.


Message History

Found a scroll of identify.
Casting: Magic Dart
Confirm with . or Enter, or press ? or * to list all spells.
Aiming: Magic Dart
Press: ? - help, Shift-Dir - straight line, f/p - orc warrior
Aim: an orc warrior, wielding a glaive and wearing a plate armour (lightly wounded)
The magic dart hits the orc warrior.
The orc warrior is lightly wounded.
A barrage of energy appears from out of your range of vision.
The barrage of energy hits the orc warrior.
The orc warrior is moderately wounded.
The hound bites you. The hound barely misses you.
Your surroundings seem slightly different.
The orc warrior completely misses you. The orc wizard closely misses you.
The orc warrior hits you with a glaive!
* * * LOW HITPOINT WARNING * * *
The orc wizard looks braver.
The orc wizard barely misses you.
The orc warrior hits you from afar with a glaive!
You die...

# ##.### ##)## # .....#
##...## # ##.###.#
##.....## #
###.#.##.###.......##
###....###.##....)....#
............'.........+
###.##.....##.........#
#.##..#..###.......##
#.#..##..# ##.@o..##
#.#.###..# ##.*.## #.#.
#..# ##o## #.#. #..#
#h# #... ...# #.# #.#
... ..... ?....##


You could see an orc warrior, a hound and an orc wizard.

Vanquished Creatures
  Grinder (D:4)
  Prince Ribbit (D:6)
  Sigmund (D:3)
  3 ogres (D:5)
  A sky beast (D:5)
  A phantom (D:5)
  2 centaurs (D:5)
  A giant frog (D:6)
  3 water moccasin zombies (Ossuary)
  A crimson imp (D:5)
  2 jellies (D:5)
  A centaur skeleton (D:5)
  2 orc wizards
  4 worker ants
  8 big kobold zombies (Ossuary)
  3 mummies
  4 gnolls
  8 adders
  2 adder zombies (Ossuary)
  4 worms
  3 giant geckos
  9 orcs
  8 bats
  4 giant cockroaches
  11 goblins
  9 hobgoblins
  6 jackals
  9 kobolds
  2 quokkas (D:5)
  A ball python (D:4)
  4 giant newts
  6 hobgoblin zombies
  A jackal skeleton (D:5)
  A jackal zombie (D:5)
  4 kobold zombies (Ossuary)
  5 orc zombies
  11 rats
147 creatures vanquished.

Notes
Turn   | Place    | Note
--------------------------------------------------------------
     0 | D:1      | Kisielow the Deep Elf Conjurer began the quest for the Orb.
     0 | D:1      | Reached XP level 1. HP: 10/10 MP: 6/6
   326 | D:1      | Reached XP level 2. HP: 15/15 MP: 5/8
   332 | D:1      | Reached skill level 5 in Conjurations
   370 | D:1      | Learned a level 2 spell: Searing Ray
   969 | D:2      | Reached XP level 3. HP: 19/19 MP: 6/9
  1365 | D:2      | Reached skill level 6 in Conjurations
  1510 | D:2      | Reached XP level 4. HP: 24/24 MP: 7/10
  1557 | D:3      | Noticed Grinder
  1838 | D:4      | Found Pabitymi's Antique Weapon Shop.
  1929 | D:4      | Reached skill level 7 in Conjurations
  1929 | D:4      | Reached XP level 5. HP: 14/28 MP: 4/11
  1954 | D:4      | Learned a level 5 spell: Iskenderun's Battlesphere
  2396 | D:5      | Entered Level 5 of the Dungeon
  2415 | D:5      | Found a sand-covered staircase.
  2419 | D:5      | Reached skill level 1 in Charms
  2476 | Ossuary  | Entered an ossuary
  2668 | Ossuary  | Reached XP level 6. HP: 5/32 MP: 1/12
  3044 | Ossuary  | Reached skill level 5 in Charms
  3329 | Ossuary  | Reached skill level 8 in Conjurations
  3463 | Ossuary  | Reached XP level 7. HP: 36/36 MP: 9/13
  3685 | D:5      | Noticed a phantom
  3726 | D:5      | Killed a phantom
  3869 | D:5      | Noticed a centaur
  3877 | D:5      | Killed a centaur
  4046 | D:5      | Noticed an ogre
  4051 | D:5      | Killed an ogre
  4402 | D:5      | Noticed a centaur
  4405 | D:5      | Killed a centaur
  4405 | D:5      | Reached XP level 8. HP: 41/41 MP: 5/14
  4488 | D:5      | Noticed a sky beast
  4491 | D:5      | Killed a sky beast
  4491 | D:5      | Reached skill level 9 in Conjurations
  4500 | D:5      | Gained mutation: You evolve. [mutagenic meat]
  4501 | D:5      | Gained mutation: You possess an exceptional clarity of mind. [mutagenic meat]
  4502 | D:5      | Gained mutation: You occasionally shout uncontrollably at your foes. [mutagenic meat]
  4503 | D:5      | Gained mutation: You can spit weak poison. [mutagenic meat]
  4504 | D:5      | Gained mutation: You can spit poison. [mutagenic meat]
  4565 | D:5      | Found a sacrificial altar of Ru.
  4776 | D:5      | Found Tuxkogao's Book Shop.
  4915 | D:5      | Reached skill level 10 in Charms
  5388 | D:3      | Noticed Sigmund
  5398 | D:3      | Killed Sigmund
  5639 | D:3      | Found a faded altar to an unknown god.
  6657 | D:4      | Killed Grinder
  6657 | D:4      | Reached skill level 11 in Charms
  6861 | D:5      | Found a burning altar of Makhleb.
  6865 | D:5      | Found a white marble altar of Elyvilon.
  6866 | D:5      | Found an iron altar of Okawaru.
  6866 | D:5      | Found a sparkling altar of Nemelex Xobeh.
  6866 | D:5      | Found a glowing golden altar of the Shining One.
  6867 | D:5      | Found an ancient bone altar of Kikubaaqudgha.
  7010 | D:6      | Got a heavy robe
  7021 | D:6      | Identified the +1 robe "Nubainu" {rC+ Str+3 Stlth+} (You found it on level 6 of the Dungeon)
  7165 | D:6      | Noticed Prince Ribbit
  7171 | D:6      | Killed Prince Ribbit
  7171 | D:6      | Reached skill level 1 in Fighting
  7171 | D:6      | Reached skill level 10 in Conjurations
  7171 | D:6      | Reached XP level 9. HP: 44/47 MP: 5/16
  7221 | D:6      | Slain by an orc warrior

Vault maps used:
D:1:      dpeg_arrival_pits
D:3:      wad_pebble_path, ecumenical_altar_1, kennysheep_generic_room_6,
          uniq_sigmund, uniq_grinder
D:4:      serial_shops, shop
D:5:      minitemple, serial_shops, nicolae_shop_behind_doors, first_bread,
          basic_altar, nicolae_ossuary_entry_giza
D:6:      lemuel_crystal_altar, uniq_prince_ribbit1, uniq_blork_the_orc
Ossuary:  ossuary_tomb_2

Action                   |  1- 3 |  4- 6 |  7- 9 || total
-------------------------+-------+-------+-------++-------
Melee: Dagger            |       |    68 |    13 ||    81
 Cast: Magic Dart        |    77 |    58 |   130 ||   265
       Searing Ray       |       |    14 |       ||    14
       Iskenderun's Batt |       |       |    34 ||    34
  Use: Scroll            |       |     3 |    16 ||    19
       Potion            |       |     3 |       ||     3
  Eat: Chunk             |     1 |     4 |    22 ||    27
       Meat ration       |       |     1 |       ||     1
       Bread ration      |       |       |     1 ||     1
